 Dungeon Crawl Stone Soup version 0.25-a0-109-ge9c0e85935 (webtiles) character file.

Game seed: 12867348543228194144, levelgen mode: deterministic

4 night the Sneak (level 1, 0/9 HPs)
             Began as a Spriggan Enchanter on Nov 18, 2019.
             Slain by a goblin (4 damage)
             ... on level 1 of the Dungeon.
             The game lasted 00:00:35 (48 turns).

night the Sneak (Spriggan Enchanter)                  Turns: 48, Time: 00:00:35

Health: 0/9        AC:  2    Str:  4    XL:     1   Next: 50%
Magic:  3/5        EV: 18    Int: 16    God:
Gold:   0          SH:  0    Dex: 16    Spells: 4/5 levels left

rFire    . . .     SeeInvis +   a - +1 dagger
rCold    . . .     Gourm    .   (shield restricted)
rNeg     . . .     Faith    .   b - +0 robe
rPois    .         Spirit   .   (helmet restricted)
rElec    .         Reflect  .   (no cloak)
rCorr    .         Harm     .   (gloves unavailable)
MR       .....                  (boots unavailable)
Stlth    +++.......             (no amulet)
HPRegen  0.03/turn              (no ring)
MPRegen  0.09/turn              (no ring)

@: very quick
A: very small, unfitting armour, see invisible, herbivore, speed 3, slow
metabolism 2
a: no special abilities


You were on level 1 of the Dungeon.
You were not hungry.

You visited 1 branch of the dungeon, and saw 1 of its levels.

Inventory:

Hand Weapons
 a - a +1 dagger (weapon)
Missiles
 c - 13 stones (quivered)
Armour
 b - a +0 robe (worn)
Comestibles
 d - a ration


   Skills:
 - Level 1.1 Short Blades
 - Level 3.0 Dodging
 + Level 4.5 Stealth
 + Level 2.8 Spellcasting
 + Level 3.7 Hexes


You had 4 spell levels left.
You knew the following spells:

 Your Spells              Type           Power        Failure   Level  Hunger
a - Corona                Hex            ##.....      4%          1    #......

Your spell library contained the following spells:

 Spells                   Type           Power        Failure   Level  Hunger
 Confuse                  Hex            ##......     12%         3    ###....
 Tukima's Dance           Hex            ##......     12%         3    ###....
 Ensorcelled Hibernation  Hex/Ice        #.....       13%         2    ##.....
 Dazzling Spray           Conj/Hex       #.....       26%         3    ###....


Dungeon Overview and Level Annotations

Branches:
Dungeon (1/15)

Altars:


Innate Abilities, Weirdness & Mutations

You are very small and have problems with some larger weapons.
You are too small for most types of armour.
You have supernaturally acute eyesight. (SInv)
You are a herbivore.
You cover ground extremely quickly.
You need to consume almost no food.


Message History

You hit the kobold.
You kill the kobold!
Casting: Corona (safe; 4% risk of failure)
Confirm with . or Enter, or press ? or * to list all spells.
Aiming: Corona (safe; 4% risk of failure)
Press: ? - help, Shift-Dir - straight line, f - leopard gecko
Aim: a leopard gecko (clinging, chance to defeat MR: 68%)
The leopard gecko is outlined in light.
The leopard gecko closely misses you.
Unknown command.
You hit the leopard gecko.
The leopard gecko is moderately wounded.
The leopard gecko closely misses you.
You hit the leopard gecko.
You kill the leopard gecko!
You hit the goblin but do no damage. The goblin barely misses you.
You hit the goblin but do no damage. The goblin closely misses you.
You closely miss the goblin. The goblin hits you.
You hit the goblin but do no damage. You hit the goblin but do no damage.
The goblin hits you.
You die...

.....#.(......#
..............#
.............$#
##............#
#............#
###....#.#####
####.#$# #+#
#g#.######
##.###@#(......
##...##.........
##.....##.#......
#...<.....# .....
##.....#### ....
##...## ..( ##.##
.. #+# .


You could see a goblin.

Vanquished Creatures
  A leopard gecko (D:1)
  A frilled lizard (D:1)
  2 kobolds (D:1)
4 creatures vanquished.

Notes
Turn   | Place    | Note
-------+----------+-------------------------------------------
     0 | D:1      | night the Spriggan Enchanter began the quest for the Orb.
     0 | D:1      | Reached XP level 1. HP: 9/9 MP: 5/5
    48 | D:1      | Slain by a goblin

Levels and vault maps discovered:
D:1:      dpeg_arrival_rhombi, layout_basic, minmay_tiny_reverse_x

Action                   || total
-------------------------++-------
Melee: Dagger            ||    17
 Cast: Corona            ||     3
 Stab: Sleeping          ||     2
Dodge: Dodged            ||     9

Table legend:
 A = Non-vault XP
 B = Vault XP
 C = Vault XP percentage of total XP
 D = Non-vault monster count
 E = Vault monster count
 F = Vault count percentage of total count
                 A         B        C        D         E       F
            +---------+---------+-------+---------+---------+-------
      Total |       6 |       0 |   0.0 |       4 |       0 |   0.0
            +---------+---------+-------+---------+---------+-------
        D:1 |       6 |       0 |   0.0 |       4 |       0 |   0.0
            +---------+---------+-------+---------+---------+-------
